 Dungeon Crawl Stone Soup version 0.27-a0-1200-g94dc6ad4cf (webtiles) character file.

Game seed: 5781166648903223955

1062 Froggeryz the Cleaver (level 8, -1/62 HPs)
             Began as a Palentonga Fighter on June 1, 2021.
             Was a Priest of Vehumet.
             Splashed by a jelly's acid (6 damage)
             ... on level 4 of the Dungeon.
             The game lasted 00:04:41 (5810 turns).

Froggeryz the Cleaver (Palentonga Fighter)          Turns: 5810, Time: 00:04:42

Health: -1/62      AC:  6    Str: 22    XL:     8   Next: 6%
Magic:  17/17      EV:  6    Int:  9    God:    Vehumet [***...]
Gold:   112        SH: 10    Dex:  9    Spells: 7/7 levels left

rFire    . . .     SeeInvis +   a - +0 war axe
rCold    . . .     Faith    .   c - +0 kite shield
rNeg     . . .     Spirit   .   b - +0 scale mail
rPois    .         Reflect  .   r - +0 helmet
rElec    .         Harm     .   (no cloak)
rCorr    .         Rampage  .   (no gloves)
Will     .....                  (no barding)
Stlth    ..........             (no amulet)
HPRegen  0.20/turn              y - ring of magical power
MPRegen  0.15/turn              (no ring)

@: corroded, curled up
A: large, rugged brown scales 3, see invisible, deformed body, roll 1, armoured
tail, reflexive curl
a: Rolling Charge, Renounce Religion


You were on level 4 of the Dungeon.
You worshipped Vehumet.
Vehumet was most pleased with you.
You visited 1 branch of the dungeon, and saw 5 of its levels.
You also visited: Sewer.

You collected 112 gold pieces.

Inventory:

Hand Weapons
 a - a +0 war axe (weapon)
 q - a +2 short sword of venom
 u - a +2 dagger of venom
Missiles
 j - 34 poisoned darts (quivered)
 o - 2 boomerangs of dispersal
 w - a curare-tipped dart
Armour
 b - a +0 scale mail (worn)
 c - a +0 kite shield (worn)
 r - a +0 helmet (worn)
Jewellery
 h - an amulet of faith
 y - a ring of magical power (left hand)
 A - a ring of protection from cold
 D - a +4 ring of protection
Wands
 g - a wand of flame (32)
 E - a wand of digging (8)
Scrolls
 f - a scroll of silence {unknown}
 i - a scroll of enchant weapon {unknown}
 k - 3 scrolls of identify {unknown}
 l - a scroll of summoning {unknown}
 m - a scroll of enchant armour {unknown}
 p - 4 scrolls of teleportation {unknown}
 t - a scroll of torment {unknown}
 x - a scroll of amnesia {unknown}
 z - a scroll of fear {unknown}
 B - a scroll of immolation {unknown}
Potions
 d - 5 potions of might
 e - 9 potions of brilliance
 n - 3 potions of heal wounds
 s - 5 potions of curing
 v - 2 potions of flight {unknown}
 C - a potion of attraction {unknown}


   Skills:
 - Level 3.0 Fighting
 * Level 8.0 Axes
 - Level 2.4 Armour
 + Level 5.1 Shields


You had 7 spell levels left.
You didn't know any spells.
Your spell library contained the following spells:

 Spells                   Type           Power      Damage    Failure   Level
 Inner Flame              Hex/Fire       0%         N/A       85%         3
 Animate Skeleton         Necr           0%         N/A       94%         1
 Apportation              Tloc           0%         N/A       94%         1
 Corona                   Hex            0%         N/A       94%         1
 Summon Small Mammal      Summ           0%         N/A       94%         1


Dungeon Overview and Level Annotations

Branches:
Dungeon (5/15)              Sewer (visited)
 Temple: D:4-7

Altars:
Hepliaklqana
Trog
Vehumet

Annotations:
D:5 2 runed translucent doors


Innate Abilities, Weirdness & Mutations

You are completely covered in rugged brown scales. (AC +3, +7% HP)
You have supernaturally acute eyesight. (SInv)
Armour fits poorly on your strangely shaped body.
You can roll at nearby foes to attack.
You have a long armoured tail.
You curl defensively after being hit.


Message History

You are confused.
You hear a shout!
There is an open door here.
You are too confused!
You are too confused!
You are too confused!
You are too confused!
You bump into the rock wall.
The jelly hits you. The acid corrodes you!
You are splashed with acid!
You bump into the granite statue.
The jelly hits you. The acid corrodes you!
You are splashed with acid!
You hit the jelly but do no damage.
Your hands burn!
You feel less confused. The jelly hits you.
You are splashed with acid!
An orc wizard comes into view. It is wielding a +0 dagger.
There is an open door here.
There is a stone staircase leading up here.
The jelly hits you.
You are splashed with acid!
You climb upwards.
There is a stone staircase leading down here.
Okay, then.
Your +2 dagger of venom stops dripping with poison.
a - a +0 war axe (weapon)
You block the jelly's attack.
You hit the jelly.
Your hands burn!
The jelly is lightly wounded.
The jelly jiggles.
The jelly hits you.
You are splashed with acid!
* * * LOW HITPOINT WARNING * * *
You hit the jelly. The acid corrodes you!
Your hands burn!
* * * LOW HITPOINT WARNING * * *
The jelly is moderately wounded.
You block the jelly's attack.
You hit the jelly but do no damage.
Your hands burn!
* * * LOW HITPOINT WARNING * * *
The jelly is moderately wounded.
The jelly hits you.
* * * LOW HITPOINT WARNING * * *
You are splashed with acid.
You die...

### #.# #######...#.#### >.#
#.###########.##.# ## #.#
#...........#†##.#### #.#
#..########.#.##...†. #.# #..#
#........##.....
#.###########..###.####......)...
#..................# ###########
#..#######.###.##### #..# #.#
#.J@..# #..## #.# #####.# ....#
#.# #.# ....# ##.## #.# ....#
##...## #.# ##### ##.## ##.#.#.##
#.# #.... #.#
#.##.##.####.##########.###
#.####.............#..........##
#.......#.##.####..#.#######.###


You could see a jelly.

Vanquished Creatures
  Pikel (D:3)
  Sigmund (D:4)
  A kobold brigand (Sewer)
  Blork the orc (D:4)
  A scorpion (D:4)
  An orc priest (D:3)
  Ijyb (D:4)
  An orc wizard (D:3)
  Robin (D:3)
  3 adders
  7 river rats (Sewer)
  3 dart slugs
  11 orcs
  3 bats
  An endoplasm (D:2)
  6 giant cockroaches
  8 goblins
  3 hobgoblins
  4 jackals (D:2)
  2 quokkas
  11 ball pythons
  3 frilled lizards
  20 kobolds
  20 rats
114 creatures vanquished.

Notes
Turn   | Place    | Note
-------+----------+-------------------------------------------
     0 | D:1      | Froggeryz the Palentonga Fighter began the quest for the
                  | Orb.
     0 | D:1      | Reached XP level 1. HP: 19/19 MP: 1/1
   628 | D:1      | Reached XP level 2. HP: 25/25 MP: 2/2
  1175 | D:2      | Found a faded altar of an unknown god.
  1500 | D:2      | Reached skill level 3 in Axes
  1555 | D:2      | Became a worshipper of Vehumet
  1555 | D:2      | Reached * piety under Vehumet
  1555 | D:2      | Offered knowledge of Foxfire by Vehumet.
  1623 | D:2      | Reached XP level 3. HP: 30/31 MP: 3/3
  2294 | D:3      | Noticed Robin
  2295 | D:3      | Reached XP level 4. HP: 37/37 MP: 4/4
  2302 | D:3      | Killed Robin
  2611 | D:3      | Reached skill level 4 in Axes
  2756 | D:3      | Found a bloodstained altar of Trog.
  3002 | D:3      | Found a hazy altar of Hepliaklqana.
  3227 | D:4      | Noticed Pikel
  3227 | D:4      | Noticed a lemure
  3227 | D:4      | Noticed a lemure
  3227 | D:4      | Noticed a lemure
  3227 | D:4      | Noticed a lemure
  3289 | D:3      | Killed Pikel
  3290 | D:3      | Reached skill level 6 in Axes
  3290 | D:3      | Reached XP level 5. HP: 7/43 MP: 5/5
  3290 | D:3      | Reached XP level 6. HP: 8/50 MP: 6/6
  3290 | D:3      | Gained mutation: You curl defensively after being hit.
                  | [Palentonga growth]
  3290 | D:3      | Reached XP level 7. HP: 9/55 MP: 7/7
  3596 | D:4      | Found a glowing drain.
  3606 | Sewer    | Entered a sewer
  3645 | Sewer    | Reached ** piety under Vehumet
  3645 | Sewer    | Offered knowledge of Static Discharge by Vehumet.
  4077 | Sewer    | Offered knowledge of Inner Flame by Vehumet.
  4159 | Sewer    | Reached skill level 7 in Axes
  4728 | D:4      | Noticed Ijyb
  4737 | D:4      | Killed Ijyb
  4789 | D:4      | Noticed Blork the orc
  4799 | D:4      | Killed Blork the orc
  5097 | D:4      | Reached *** piety under Vehumet
  5268 | D:4      | Found a radiant altar of Vehumet.
  5311 | D:4      | Noticed Sigmund
  5323 | D:4      | Killed Sigmund
  5324 | D:4      | Reached skill level 5 in Shields
  5324 | D:4      | Reached XP level 8. HP: 51/62 MP: 8/8
  5707 | D:5      | Entered Level 5 of the Dungeon
  5743 | D:5      | Reached skill level 8 in Axes
  5784 | D:5      | Found a large runed translucent door.
  5785 | D:5      | Found a large runed translucent door.
  5810 | D:4      | Splashed by a jelly's acid

Illustrated notes

Levels and vault maps discovered:
D:1:      psy_arrival_statuary, layout_basic, grunt_decor_cap
D:2:      layout_basic, hellmonk_ecumenical_altar_crossroads,
          minmay_misc_feat_hallway
D:3:      layout_basic, trog_three_pillars_becter,
          worldfamousw_hep_ancestral_shrine, uniq_robin
D:4:      layout_loops_ring, lemuel_doored_altar, cheibrodos_sewer_entry_sluice,
          uniq_sigmund, uniq_blork_the_orc, uniq_ijyb, uniq_pikel
D:5:      layout_rooms, lemuel_round_altar, jmf_multi_god_temple2,
          temple_doors_ab, uniq_eustachio

Skill      XL: |  1  2  3  4  5  6  7  8 |
---------------+-------------------------+-----
Axes           | 3 6 7 8 |  8.0
Shields        | 3 4 5 |  5.1
Fighting       | |  3.0
Armour         | |  2.4

Action                   |  1- 3 |  4- 6 |  7- 9 || total
-------------------------+-------+-------+-------++-------
Melee: War axe           |    94 |       |     3 ||    97
       Tailslap          |     3 |     4 |    16 ||    23
       Short sword       |     1 |    41 |    46 ||    88
       Dagger            |       |       |   156 ||   156
Throw: Dart              |       |     1 |       ||     1
 Abil: Rolling Charge    |     2 |       |       ||     2
  Use: Potion            |       |     7 |       ||     7
Armor: Scale mail        |    39 |    15 |   106 ||   160
       Skin              |       |     3 |       ||     3
Dodge: Dodged            |    27 |     5 |    63 ||    95
Block: Kite shield       |    45 |    22 |   122 ||   189

Table legend: (Time is in decaauts)
 A = Elapsed time spent in this place.
 B = Non-inter-level travel time spent in this place.
 C = Inter-level travel time spent in this place.
 D = Time resting spent in this place.
 E = Time spent auto-exploring this place.
 F = Levels seen in this place.
 G = Mean time per level.
                   A        B        C        D        E       F      G
               +--------+--------+--------+--------+--------+-----+--------+
         Total |   5948 |   5763 |    185 |    411 |   4493 |   6 |  991.3 |
       Dungeon |   5021 |   4836 |    185 |    411 |   3833 |   5 | 1004.2 |
         Sewer |    927 |    927 |      0 |      0 |    659 |   1 |  927.0 |
               +--------+--------+--------+--------+--------+-----+--------+

Top non-repeatable levels by time:
     D:3: 1736 daAuts
     D:4: 1257 daAuts
     D:1: 1184 daAuts
   Sewer: 927 daAuts
     D:2: 743 daAuts
     D:5: 99 daAuts
